 Dungeon Crawl Stone Soup version 0.25-a0-80-g9b55229ae5 (webtiles) character file.

Game seed: 2082931958430328062, levelgen mode: deterministic

127 MrRokkomies the Cutter (level 5, 0/33 HPs)
             Began as a Kobold Monk on Nov 7, 2019.
             Was a Priest of Makhleb.
             Slain by a bullfrog skeleton (3 damage)
             ... on level 4 of the Dungeon.
             The game lasted 00:07:07 (2487 turns).

MrRokkomies the Cutter (Kobold Monk)                Turns: 2487, Time: 00:07:08

Health: 0/33       AC:  6    Str:  7 (9)  XL:     5   Next: 33%
Magic:  6/6        EV: 13    Int: 10 (11) God:    Makhleb [***...]
Gold:   131        SH:  0    Dex: 15 (18) Spells: 4/4 levels left

rFire    . . .     SeeInvis .   a - +0 short sword
rCold    . . .     Gourm    .   (shield restricted)
rNeg     . . .     Faith    .   d - +1 ring mail
rPois    .         Spirit   .   (no helmet)
rElec    .         Reflect  .   (no cloak)
rCorr    .         Harm     .   (no gloves)
MR       .....                  (no boots)
Stlth    ++........             (no amulet)
HPRegen  0.11/turn              (no ring)
MPRegen  0.10/turn              (no ring)

@: no status effects
A: small, carnivore
a: Minor Destruction, Lesser Servant of Makhleb, Renounce Religion


You were on level 4 of the Dungeon.
You worshipped Makhleb.
Makhleb was most pleased with you.
You were very hungry.

You visited 1 branch of the dungeon, and saw 4 of its levels.

You collected 131 gold pieces.

Inventory:

Hand Weapons
 a - a +0 short sword (weapon)
Missiles
 g - 14 poisoned darts (quivered)
 h - 19 sling bullets
Armour
 d - a +1 ring mail (worn)
 f - a +0 helmet
Potions
 b - a potion of brilliance
 e - 2 potions of curing
Comestibles
 c - 3 rations


   Skills:
 - Level 4.1 Fighting
 * Level 5.6 Short Blades
 - Level 3.6 Dodging
 + Level 4.0 Stealth
 * Level 1.7 Invocations


You had 4 spell levels left.
You didn't know any spells.
Your spell library was empty.

Dungeon Overview and Level Annotations

Branches:
Dungeon (4/15)
 Temple: D:4-7

Altars:
Dithmenos
Makhleb

Annotations:
D:4 1 runed translucent door, Crazy Yiuf


Innate Abilities, Weirdness & Mutations

You are small and have problems with some larger weapons.
You are carnivorous and can eat meat at any time.


Message History

You hit the goblin.
You kill the goblin!
Makhleb accepts your kill. The goblin closely misses you.
Items here: )))))))))) [[ †††† You hit the goblin.
The goblin is severely wounded.
The goblin misses you.
You hit the goblin.
You kill the goblin!
Makhleb accepts your kill.
You barely miss the bullfrog skeleton. The bullfrog skeleton hits you.
* * * LOW HITPOINT WARNING * * *
You hit the bullfrog skeleton.
The bullfrog skeleton is lightly damaged.
The bullfrog skeleton hits you but does no damage.
You hit the bullfrog skeleton.
The bullfrog skeleton is lightly damaged.
The bullfrog skeleton hits you.
You die...

### #). #.. ..
#+ .## #.# #.##
##@# ##Z##
##...# #...P#
#....#
##'..+###.#
##.....!....
#####...........
................


You could see a bullfrog skeleton.

Vanquished Creatures
  Robin (D:4)
  3 gnolls
  3 adders
  A dart slug (D:1)
  A ball python (D:1)
  3 bats (D:1)
  2 giant cockroaches
  14 goblins
  11 hobgoblins
  3 jackals (D:1)
  6 kobolds
  A quokka (D:4)
  3 frilled lizards
  3 rats
55 creatures vanquished.

Vanquished Creatures (others)
  2 fungi (D:4)
  5 toadstools (D:1)
7 creatures vanquished.

Grand Total: 62 creatures vanquished

Notes
Turn   | Place    | Note
-------+----------+-------------------------------------------
     0 | D:1      | MrRokkomies the Kobold Monk began the quest for the Orb.
     0 | D:1      | Reached XP level 1. HP: 14/14 MP: 1/1
   138 | D:1      | Reached XP level 2. HP: 8/19 MP: 2/2
   505 | D:1      | Reached XP level 3. HP: 3/24 MP: 3/3
  1421 | D:2      | Reached XP level 4. HP: 28/29 MP: 4/4
  1441 | D:2      | Found a faded altar of an unknown god.
  1452 | D:2      | Reached skill level 5 in Short Blades
  1453 | D:2      | Became a worshipper of Makhleb the Destroyer
  1453 | D:2      | Reached * piety under Makhleb
  1453 | D:2      | Reached ** piety under Makhleb
  1946 | D:2      | Found a shadowy altar of Dithmenos.
  2288 | D:3      | Reached skill level 1 in Invocations
  2369 | D:3      | Noticed a gnoll sergeant
  2379 | D:4      | Noticed Robin
  2389 | D:4      | Found a runed translucent door.
  2390 | D:4      | Noticed Crazy Yiuf
  2436 | D:4      | Killed Robin
  2436 | D:4      | Reached XP level 5. HP: 11/33 MP: 4/6
  2441 | D:4      | Reached *** piety under Makhleb
  2487 | D:4      | Slain by a bullfrog skeleton

Levels and vault maps discovered:
D:1:      ldierk_walled_garden, layout_basic, due_unseen_surprise
D:2:      layout_basic, lemuel_coloured_pillars_altar,
          chequers_ecumenical_altar_simple_redux, grunt_decor_mini_mirrors,
          kennysheep_generic_room_14
D:3:      wander_river, layout_basic,
          chequers_temple_overflow_statue_of_worship, first_ration
D:4:      layout_rooms, lemuel_round_altar, minmay_shop_damaged, sigmund_army,
          uniq_crazy_yiuf_cottage, uniq_robin, uniq_eustachio

Skill      XL: |  1  2  3  4  5 |
---------------+----------------+-----
Stealth        | 3 4 |  4.0
Fighting       | 4 |  4.1
Short Blades   | 5 |  5.6
Invocations    | 1 |  1.7
Dodging        | |  3.6

Action                   |  1- 3 |  4- 6 || total
-------------------------+-------+-------++-------
Melee: Short sword       |   153 |   146 ||   299
  Use: Potion            |     1 |     5 ||     6
       Scroll            |       |     1 ||     1
 Stab: Sleeping          |     1 |     4 ||     5
  Eat: Chunk             |     4 |       ||     4
Armor: Ring mail         |    46 |    26 ||    72
       Robe              |     1 |       ||     1
Dodge: Dodged            |   123 |    56 ||   179

Table legend:
 A = Non-vault XP
 B = Vault XP
 C = Vault XP percentage of total XP
 D = Non-vault monster count
 E = Vault monster count
 F = Vault count percentage of total count
                 A         B        C        D         E       F
            +---------+---------+-------+---------+---------+-------
      Total |     146 |      36 |  19.8 |      42 |      13 |  23.6
            +---------+---------+-------+---------+---------+-------
        D:1 |      59 |       0 |   0.0 |      26 |       0 |   0.0
        D:2 |      41 |       3 |   6.8 |      11 |       2 |  15.4
        D:3 |      15 |       0 |   0.0 |       2 |       0 |   0.0
        D:4 |      31 |      33 |  51.6 |       3 |      11 |  78.6
            +---------+---------+-------+---------+---------+-------
